 Dungeon Crawl Stone Soup version 0.23.2-40-g277498a001 (webtiles) character file.

Game seed: 10241077660837463737

358 Manrey the Conjurer (level 6, 0/42 HPs)
             Began as a Human Conjurer on Sept 28, 2019.
             Was an Initiate of Vehumet.
             Slain by an ogre
             ... wielding a +0 giant spiked club
              (23 damage)
             ... on level 5 of the Dungeon.
             The game lasted 00:30:04 (4041 turns).

Manrey the Conjurer (Human Conjurer)                Turns: 4041, Time: 00:30:04

Health: 0/42       AC:  3    Str:  8    XL:     6   Next: 97%
Magic:  11/11      EV: 13    Int: 18    God:    Vehumet [......]
Gold:   301        SH:  0    Dex: 15    Spells: 5/12 levels left

rFire    . . .     SeeInvis .   y - +0 scimitar
rCold    . . .     Gourm    .   (no shield)
rNeg     . . .     Faith    .   a - +0 robe
rPois    .         Spirit   .   b - +0 helmet
rElec    .         Reflect  .   (no cloak)
rCorr    .         Harm     .   (no gloves)
MR       .....                  (no boots)
Stlth    ++........             (no amulet)
HPRegen  0.14/turn              f - +2 ring of dexterity
MPRegen  0.12/turn              (no ring)

@: slowed, very slow
A: no striking features
a: Renounce Religion


You were on level 5 of the Dungeon.
You worshipped Vehumet.
Vehumet was noncommittal.
You were not hungry.

You visited 1 branch of the dungeon, and saw 5 of its levels.

You collected 301 gold pieces.

Inventory:

Hand Weapons
 h - a +0 club
 k - a +0 hand axe
 t - a +0 rapier
 y - a +0 scimitar (weapon)
Missiles
 B - 7 tomahawks (quivered)
Armour
 a - a +0 robe (worn)
 b - a +0 helmet (worn)
 m - a +0 robe
 p - a cursed +0 robe
 x - a +0 scale mail of cold resistance
 C - a +0 leather armour
Jewellery
 f - a +2 ring of dexterity (left hand)
 l - an uncursed amulet of harm {unknown}
Wands
 u - a wand of acid (7)
 z - a wand of iceblast (8) {ice}
 A - a wand of random effects (8)
Scrolls
 r - 3 scrolls of amnesia
 s - a scroll of teleportation
 E - a scroll of magic mapping
Potions
 d - a potion of degeneration
 e - a potion of mutation {unknown}
 g - a potion of curing
 i - a potion of might {unknown}
 j - a potion of flight {unknown}
 n - a potion of magic {unknown}
 o - a potion of resistance
 q - a potion of cancellation {unknown}
 v - a potion of ambrosia {unknown}
 w - a potion of agility {unknown}
 D - a potion of brilliance {unknown}
Comestibles
 c - 8 rations


   Skills:
 + Level 0.9 Fighting
 + Level 0.3(0.5) Short Blades
 + Level 0.4(0.5) Long Blades
 + Level 2.0 Axes
 + Level 2.4 Dodging
 + Level 2.5 Stealth
 + Level 3.7 Spellcasting
 + Level 5.8 Conjurations


You had 5 spell levels left.
You knew the following spells:

 Your Spells              Type           Power        Failure   Level  Hunger
a - Magic Dart            Conj           ###.         1%          1    None
b - Searing Ray           Conj           ###...       2%          2    ##.....
c - Iskenderun's Mystic   Conj           ###.....     14%         4    ####...

Your spell library contained the following spells:

 Spells                   Type           Power        Failure   Level  Hunger
 Dazzling Spray           Conj/Hex       ##....       14%         3    ###....
 Force Lance              Conj/Tloc      ##......     43%         4    ####...
 Fulminant Prism          Conj/Hex       ##........   43%         4    ####...


Dungeon Overview and Level Annotations

Branches:
Dungeon (5/15)
 Temple: D:4-7

Altars:
Gozag
Nemelex Xobeh
Qazlal
Uskayaw
Vehumet

Shops:
D:4 *   D:5 !


Message History

The orc wizard shouts!
An ogre comes into view. It is wielding a +0 giant spiked club.
The ogre shouts!
The orc wizard points at you and mumbles some strange words.
You feel yourself slow down.
The orc wizard shouts!
The orc wizard gestures at you while chanting.
You resist with some effort.
The orc wizard drinks a potion.
The orc wizard suddenly seems more resistant.
The ogre misses you. The ogre closely misses you.
The orc wizard gestures wildly while chanting.
The orc wizard blinks!
The ogre hits you with a +0 giant spiked club!!
The orc wizard gestures wildly while chanting.
The orc wizard seems to speed up.
The ogre hits you with a +0 giant spiked club!!
Ouch! That really hurt!
You die...

#..o.... # #..o.. #
#...####### ##
#.........# .#
###...∩...# .## #.......#
.{# #.......# #######
#.## #......o####.......
#..#####......oO@........
.......................>
##.#####............####
#..# #....(........#
##.###.............#
#...'.............#
##.##........######
#..#........#
#..#........#


You could see an ogre and 2 orc wizards.

Vanquished Creatures
  An ogre (D:4)
  A scorpion (D:4)
  An orc wizard (D:5)
  A bullfrog skeleton (D:4)
  A hound zombie (D:5)
  5 adders (D:2)
  2 shadow imps (D:5)
  An adder skeleton (D:5)
  An adder zombie (D:5)
  3 worms
  3 dart slugs
  5 leopard geckos
  6 orcs
  2 giant cockroaches
  4 goblins (D:1)
  6 hobgoblins
  5 kobolds
  3 bats
  5 frilled lizards
  A giant cockroach zombie (D:5)
  9 rats
66 creatures vanquished.

Vanquished Creatures (others)
  A sky beast (D:5)
1 creature vanquished.

Grand Total: 67 creatures vanquished

Notes
Turn   | Place    | Note
-------+----------+-------------------------------------------
     0 | D:1      | Manrey the Human Conjurer began the quest for the Orb.
     0 | D:1      | Reached XP level 1. HP: 13/13 MP: 3/3
   190 | D:1      | Reached XP level 2. HP: 19/19 MP: 3/5
   595 | D:1      | Reached XP level 3. HP: 23/24 MP: 2/6
  1098 | D:2      | Found a stormy altar of Qazlal.
  1114 | D:2      | Reached XP level 4. HP: 30/30 MP: 5/7
  1247 | D:2      | Reached skill level 5 in Conjurations
  1408 | D:2      | Found a sparkling altar of Nemelex Xobeh.
  1409 | D:2      | Found an opulent altar of Gozag.
  1646 | D:2      | Found a faded altar of an unknown god.
  1855 | D:2      | Reached XP level 5. HP: 28/35 MP: 4/9
  1943 | D:2      | Learned a level 2 spell: Searing Ray
  1948 | D:2      | Learned a level 4 spell: Iskenderun's Mystic Blast
  2152 | D:4      | Noticed an ogre
  2163 | D:4      | Killed an ogre
  2163 | D:4      | Reached skill level 1 in Axes
  2163 | D:4      | Reached XP level 6. HP: 27/42 MP: 0/10
  2636 | D:4      | Found a hide-covered altar of Uskayaw.
  2976 | D:4      | Found Yhoug's Assorted Antiques.
  3067 | D:5      | Entered Level 5 of the Dungeon
  3393 | D:5      | Noticed a sky beast
  3429 | D:5      | Killed a sky beast
  3897 | D:5      | Found a radiant altar of Vehumet.
  3905 | D:5      | Became a worshipper of Vehumet
  4010 | D:5      | Found Sabrou's Distillery.
  4029 | D:5      | Noticed an ogre
  4041 | D:5      | Slain by an ogre

Skill      XL: |  1  2  3  4  5  6 |
---------------+-------------------+-----
Conjurations   | 5 |  5.8
Axes           | 1 2 |  2.0
Spellcasting   | 3 |  3.7
Fighting       | |  0.9
Short Blades   | |  0.3
Long Blades    | |  0.4
Dodging        | |  2.4
Stealth        | |  2.5

Action                   |  1- 3 |  4- 6 || total
-------------------------+-------+-------++-------
Melee: Hand axe          |    12 |    49 ||    61
       Club              |     2 |       ||     2
       Scimitar          |       |     5 ||     5
       Rapier            |       |     3 ||     3
 Cast: Magic Dart        |    52 |    93 ||   145
       Searing Ray       |       |    12 ||    12
       Iskenderun's Myst |       |     4 ||     4
  Use: Scroll            |     8 |     6 ||    14
       Potion            |       |     1 ||     1
  Eat: Chunk             |     1 |     5 ||     6
       Ration            |       |     2 ||     2
Armor: Robe              |     8 |    14 ||    22
Dodge: Dodged            |    17 |    71 ||    88
       Rpst.: Scimitar   |       |     7 ||     7
